 Dungeon Crawl Stone Soup version 0.27-a0-1591-gc56fcc985a (webtiles) character file.

Game seed: 14452564427387534211

74 quinnr the Gusty (level 4, 0/25 HPs)
             Began as a Tengu Air Elementalist on July 19, 2021.
             Killed from afar by Sigmund (2 damage)
             ... with a puff of flame
             ... on level 2 of the Dungeon.
             The game lasted 00:05:00 (1992 turns).

quinnr the Gusty (Tengu Air Elementalist)           Turns: 1992, Time: 00:05:01

Health: 0/25       AC:  2    Str:  8    XL:     4   Next: 30%
Magic:  4/8        EV: 12    Int: 16    God:
Gold:   45         SH:  0    Dex: 15    Spells: 3/8 levels left

rFire    . . .     SeeInvis .   j - +2 hunting sling (flame)
rCold    . . .     Faith    .   (no shield)
rNeg     . . .     Spirit   .   a - +0 robe
rPois    .         Reflect  .   (helmet restricted)
rElec    .         Harm     .   (no cloak)
rCorr    .         Rampage  .   (no gloves)
Will     .....                  (boots unavailable)
Stlth    ++........             (no amulet)
HPRegen  0.08/turn              (no ring)
MPRegen  0.11/turn              (no ring)

@: very slightly contaminated
A: beak, talons 3
a: no special abilities


You were on level 2 of the Dungeon.
You visited 1 branch of the dungeon, and saw 2 of its levels.

You collected 45 gold pieces.

Inventory:

Hand Weapons
 g - a +1 hunting sling of freezing
 j - a +2 hunting sling of flaming (weapon)
Missiles
 d - 2 throwing nets
 h - 79 stones (quivered ammo)
Armour
 a - a +0 robe (worn)
Jewellery
 f - an amulet of guardian spirit
Scrolls
 c - a scroll of identify {unknown}
 i - a scroll of enchant armour {unknown}
Potions
 b - 2 potions of attraction {unknown}
 e - a potion of cancellation {unknown}


   Skills:
 + Level 1.6 Fighting
 - Level 2.1 Dodging
 + Level 2.8 Stealth
 + Level 2.5 Spellcasting
 - Level 1.3 Conjurations
 - Level 5.0 Air Magic


You had 3 spell levels left.
You knew the following spells:

 Your Spells              Type           Power      Damage    Failure   Level
a - Shock                 Conj/Air       48%        1d6       5%          1
b - Airstrike             Air            9%         N/A       26%         4

Your spell library contained the following spells:

 Spells                   Type           Power      Damage    Failure   Level
 Swiftness                Air            18%        N/A       8%          3
 Static Discharge         Conj/Air       12%        N/A       9%          2
 Animate Skeleton         Necr           4%         N/A       21%         1
 Apportation              Tloc           4%         N/A       21%         1
 Corona                   Hex            2%         N/A       21%         1
 Summon Small Mammal      Summ           8%         N/A       21%         1


Dungeon Overview and Level Annotations

Branches:
Dungeon (2/15)

Altars:

Annotations:
D:2 Sigmund


Innate Abilities, Weirdness & Mutations

You have a beak for a mouth.
You have claws for feet.


Message History

Sigmund is nearby!
You shoot a stone. The stone hits Sigmund.
The stone burns Sigmund.
Sigmund is lightly wounded.
A bat comes into view.
There are monsters nearby!
You shoot a stone. The stone hits Sigmund.
The stone burns Sigmund.
Sigmund is heavily wounded.
There are monsters nearby!
You shoot a stone. The stone hits Sigmund.
The stone burns Sigmund.
Sigmund is heavily wounded.
There are monsters nearby!
You shoot a stone. The stone barely misses Sigmund.
The bat barely misses you. Sigmund closely misses you.
There are monsters nearby!
You shoot a stone. The stone barely misses the bat.
The bat barely misses you. Sigmund closely misses you.
Casting: Shock (safe; 5% risk of failure)
Confirm with . or Enter, or press ? or * to list all spells.
The spell is potentially lethal to cast (26% risk of failure)!
Continue anyway?
Aiming: Airstrike (potentially lethal; 26% risk of failure)
Press: ? - help, Dir - move target, f - Sigmund, p - bat
Aim: Sigmund, wielding a +0 scythe and wearing a +0 robe (heavily wounded)
You miscast Airstrike.
You are very lightly contaminated with residual magic.
Nothing appears to happen.
The bat hits you.
Sigmund hits you from afar with a +0 scythe!
The bat misses you.
Sigmund points at you and mumbles some strange words.
The magic dart hits you!
* * * LOW HITPOINT WARNING * * *
Okay, then.
Fire: 80 stones
Press: ? - help, Q - select action, (/) - cycle Shift-Dir - straight line, f/p - Sigmund
Aim: Sigmund, wielding a +0 scythe and wearing a +0 robe (heavily wounded, 57% to hit)
You shoot a stone. The stone barely misses Sigmund.
The bat hits you.
* * * LOW HITPOINT WARNING * * *
Sigmund points at you and mumbles some strange words.
The puff of flame hits you.
You die...

.......# .........#
.....>.##########.........#
...........................
....................#####..
...............†....# ....
....................# ..##
....................# .J#
....................#
.....##...(.....@b..# .....
#.................. .....
#............@..... ..
#.............(.!..
#................(.
#....(.............
(............(†.
###########....(


You could see Sigmund and a bat.

Vanquished Creatures
  Robin (D:1)
  2 dart slugs
  5 ball pythons
  4 bats (D:1)
  4 endoplasms
  3 giant cockroaches (D:1)
  17 goblins
  5 hobgoblins
  2 kobolds (D:1)
  2 quokkas (D:1)
  3 frilled lizards
  3 rats
51 creatures vanquished.

Notes
Turn   | Place    | Note
-------+----------+-------------------------------------------
     0 | D:1      | quinnr the Tengu Air Elementalist began the quest for the
                  | Orb.
     0 | D:1      | Reached XP level 1. HP: 10/10 MP: 4/4
   234 | D:1      | Reached XP level 2. HP: 13/16 MP: 0/6
   657 | D:1      | Reached XP level 3. HP: 20/20 MP: 1/7
   752 | D:1      | Reached skill level 1 in Fighting
  1305 | D:2      | Noticed Robin
  1531 | D:2      | Reached skill level 5 in Air Magic
  1648 | D:1      | Killed Robin
  1649 | D:1      | Reached XP level 4. HP: 16/25 MP: 2/8
  1655 | D:1      | Learned a level 4 spell: Airstrike
  1983 | D:2      | Noticed Sigmund
  1992 | D:2      | HP: 2/25 [bat (1)]
  1992 | D:2      | Killed from afar by Sigmund

Illustrated notes

Levels and vault maps discovered:
D:1:      psy_arrival_heroes, layout_basic
D:2:      layout_basic, serial_shops, shop, dk_vineyard_1, uniq_robin,
          uniq_sigmund, uniq_crazy_yiuf_cottage

Skill      XL: |  1  2  3 |
---------------+----------+-----
Fighting       | 1 |  1.6
Air Magic      | 5 |  5.0
Dodging        | |  2.1
Stealth        | |  2.8
Spellcasting   | |  2.5
Conjurations   | |  1.3

Action                   |  1- 3 |  4- 6 || total
-------------------------+-------+-------++-------
Melee: Unarmed           |     1 |       ||     1
       Kick              |     1 |       ||     1
 Fire: Hunting sling     |       |    13 ||    13
 Cast: Shock             |    96 |     7 ||   103
Armor: Robe              |     8 |       ||     8
Dodge: Dodged            |    28 |     5 ||    33

Table legend: (Time is in decaauts)
 A = Elapsed time spent in this place.
 B = Non-inter-level travel time spent in this place.
 C = Inter-level travel time spent in this place.
 D = Time resting spent in this place.
 E = Time spent auto-exploring this place.
 F = Levels seen in this place.
 G = Mean time per level.
                   A        B        C        D        E       F      G
               +--------+--------+--------+--------+--------+-----+--------+
         Total |   1996 |   1961 |     35 |    194 |   1413 |   2 |  998.0 |
       Dungeon |   1996 |   1961 |     35 |    194 |   1413 |   2 |  998.0 |
               +--------+--------+--------+--------+--------+-----+--------+

Top non-repeatable levels by time:
     D:1: 1484 daAuts
     D:2: 511 daAuts
